 Dungeon Crawl Stone Soup version 0.31-a0-177-g4aa6249778 (webtiles) character file.

Game seed: 2749891140708892155

62 qw the Shooter (level 4, 0/39 HPs)
             Began as a Naga Hunter on June 18, 2023.
             Slain by an orc wizard
             ... wielding a +0 dagger
              (3 damage)
             ... on level 2 of the Dungeon.
             The game lasted 00:00:30 (1287 turns).

qw the Shooter (Naga Hunter)                        Turns: 1287, Time: 00:00:31

Health: 0/39       AC:  2    Str: 14    XL:     4   Next: 8%
Magic:  4/4        EV:  9    Int:  9    God:
Gold:   87         SH:  0    Dex: 16    Spells: 3/3 levels left

rFire   . . .        Y - +0 shortbow
rCold   . . .        (shield currently unavailable)
rNeg    . . .        c - +0 leather armour
rPois   +            (no helmet)
rElec   .            (no cloak)
rCorr   .            (no gloves)
SInv    +            (no barding)
Will    .....        (no amulet)
Stlth   +            (no ring)
HPRegen 0.26/turn    (no ring)
MPRegen 0.09/turn

%: no passive effects
@: confused, very slow
A: AC +1, large, see invisible, deformed body, poison resistance, slowness 2,
spit poison 1, naga tail 1
a: Spit Poison


You were on level 2 of the Dungeon.
You visited 1 branch of the dungeon, and saw 3 of its levels.

You collected 87 gold pieces.


Innate Abilities, Weirdness & Mutations

Your serpentine skin is tough. (AC +1)
You have supernaturally acute eyesight. (SInv)
Armour fits poorly on your strangely shaped body.
Your system is resistant to poisons. (rPois)
You cover ground very slowly.
You can spit poison.
You have a snake-like lower body.


   Skills:
 + Level 2.1 Fighting
 - Level 5.0 Ranged Weapons
 - Level 1.5 Dodging
 - Level 1.5 Stealth


You had 3 spell levels left.
You didn't know any spells.
Your spell library was empty.

Inventory:

Hand Weapons
 Y - a +0 shortbow (weapon)
Armour
 c - a +0 leather armour (worn)
Scrolls
 e - 2 scrolls of identify
 g - a scroll of teleportation
Potions
 f - a potion of might

Dungeon Overview and Level Annotations

Branches:
Dungeon (3/15)

Altars:

Shops:
D:1 =


Message History

Aiming: Spit Poison (1% risk of failure)
Press: ? - help, Shift-Dir - straight line, f - orc The splash of poison hits the orc.
The orc is poisoned.
The orc is heavily wounded.
The orc priest calls upon Beogh to heal the orc.
The orc's wounds heal themselves!
You shoot an arrow. The arrow hits the orc wizard.
The orc wizard is lightly wounded.
The orc priest invokes the aid of Beogh against you.
Beogh smites you!
1280 ||| STAIRDANCE The orc wizard casts a spell at you.
The magic dart hits you! The orc hits you but does no damage.
You climb upwards.
There is a stone staircase leading down here.
Enter note:
Enter note:
Enter note:
Enter note:
Enter note:
Enter note:
Enter note:
Enter note:
Enter note:
Enter note:
Enter note:
Enter note: You shoot an arrow.
The arrow hits the orc.
You kill the orc!
The orc wizard gestures at you while chanting.
You are confused.
The orc hits you with a +0 club.
You have got your breath back.
The orc wizard barely misses you. The orc hits you with a +0 club.
The orc wizard closely misses you. The orc barely misses you.
The orc wizard hits you with a +0 dagger.
The orc hits you but does no damage. The orc wizard closely misses you.
The orc hits you with a +0 club.
The orc wizard hits you with a +0 dagger.
You die...

######## #######..o)..#
#.....#...@..#
#.....#....o.##### #
#.....#......#...#
#######.....#..........########
##..........#.................#
..............................#
......#............#..........#
.###......)........#..........#
## #......#...................#


You could see an orc wizard and an orc.

Vanquished Creatures
  An adder (D:2)
  A dart slug (D:2)
  An orc (D:2)
  7 ball pythons
  3 bats
  5 endoplasms
  A giant cockroach (D:2)
  9 goblins
  A hobgoblin (D:2)
  4 jackals (D:2)
  3 quokkas (D:1)
  4 frilled lizards
  3 kobolds
  2 rats
45 creatures vanquished.

Notes
Turn   | Place    | Note
-------+----------+-------------------------------------------
     0 | D:1      | qw the Naga Hunter began the quest for the Orb.
     0 | D:1      | Reached XP level 1. HP: 19/19 MP: 1/1
     0 | D:1      | 0 ||| qw: Version: 0.3-a-5-g6f28e65
     0 | D:1      | 0 ||| qw: Game counter: 682
     0 | D:1      | 0 ||| qw: Always use a shield: true
     0 | D:1      | 0 ||| qw: God list: Okawaru
     0 | D:1      | 0 ||| qw: Allow faded altars: false
     0 | D:1      | 0 ||| qw: Do Orc after D:15 true
     0 | D:1      | 0 ||| qw: Do second Lair branch before Depths: true
     0 | D:1      | 0 ||| qw: Lair rune preference: random
     0 | D:1      | 0 ||| qw: Plans: Normal
     0 | D:1      | 0 ||| PLANNING D:1-11
    25 | D:1      | 25 ||| INVOKING Spit Poison.
    28 | D:1      | 28 ||| INVOKING Spit Poison.
    50 | D:1      | 50 ||| INVOKING Spit Poison.
    66 | D:1      | 66 ||| INVOKING Spit Poison.
    72 | D:1      | Found Wuzory's Jewellery Shop.
    80 | D:1      | 80 ||| SHOPLISTING +5 ring of evasion (468 gold, have 0).
    80 | D:1      | 80 ||| SHOPLISTING amulet of reflection (390 gold, have 0).
    80 | D:1      | 80 ||| SHOPLISTING ring "Oschocle" {Fly Str+6 Int+3} (564
                  | gold, have 0).
    80 | D:1      | 80 ||| SHOPLISTING ring of positive energy (260 gold, have
                  | 0).
    80 | D:1      | 80 ||| SHOPLISTING ring of resist corrosion (260 gold, have
                  | 0).
    80 | D:1      | 80 ||| SHOPLISTING ring of willpower (325 gold, have 0).
    89 | D:1      | 89 ||| INVOKING Spit Poison.
    95 | D:1      | Reached skill level 4 in Ranged Weapons
    95 | D:1      | Reached XP level 2. HP: 26/26 MP: 2/2
   214 | D:1      | 214 ||| INVOKING Spit Poison.
   219 | D:1      | 219 ||| INVOKING Spit Poison.
   353 | D:1      | 353 ||| INVOKING Spit Poison.
   358 | D:1      | 358 ||| INVOKING Spit Poison.
   361 | D:1      | 361 ||| INVOKING Spit Poison.
   367 | D:1      | 367 ||| INVOKING Spit Poison.
   409 | D:1      | 409 ||| INVOKING Spit Poison.
   462 | D:1      | 462 ||| INVOKING Spit Poison.
   538 | D:1      | 538 ||| INVOKING Spit Poison.
   630 | D:1      | Reached XP level 3. HP: 32/32 MP: 3/3
   712 | D:1      | 712 ||| INVOKING Spit Poison.
   758 | D:1      | 758 ||| READING scroll labelled MIL OWNYRE.
   759 | D:1      | 759 ||| READING 2 scrolls labelled BARHEZ BOREMOGH.
   760 | D:1      | 760 ||| READING scroll labelled QEXOCZ JENKYACOD.
   763 | D:1      | 763 ||| READING scroll labelled FIAKHO HOWO.
   764 | D:1      | 764 ||| DROPPING scroll of butterflies.
   790 | D:2      | 790 ||| INVOKING Spit Poison.
   807 | D:2      | 807 ||| INVOKING Spit Poison.
   810 | D:2      | 810 ||| INVOKING Spit Poison.
   816 | D:2      | 816 ||| INVOKING Spit Poison.
   863 | D:2      | 863 ||| INVOKING Spit Poison.
   885 | D:2      | 885 ||| INVOKING Spit Poison.
   888 | D:2      | 888 ||| INVOKING Spit Poison.
   894 | D:2      | 894 ||| INVOKING Spit Poison.
   927 | D:2      | 927 ||| INVOKING Spit Poison.
   929 | D:2      | Found a faded altar of an unknown god.
   932 | D:2      | 932 ||| INVOKING Spit Poison.
   935 | D:2      | 935 ||| INVOKING Spit Poison.
  1088 | D:2      | Reached skill level 5 in Ranged Weapons
  1088 | D:2      | Reached XP level 4. HP: 39/39 MP: 4/4
  1117 | D:2      | 1117 ||| INVOKING Spit Poison.
  1244 | D:2      | 1244 ||| READING scroll labelled FYN APEYSAAM.
  1245 | D:2      | 1245 ||| READING scroll labelled NURGHA XYNLU.
  1246 | D:2      | 1246 ||| DRINKING 2 sedimented clear potions.
  1247 | D:2      | 1247 ||| DRINKING 2 brown potions.
  1248 | D:2      | 1248 ||| DROPPING potion of attraction.
  1278 | D:3      | 1278 ||| INVOKING Spit Poison.
  1280 | D:3      | 1280 ||| STAIRDANCE
  1283 | D:2      | HP: 7/39 [orc/+0 club (5)]
  1285 | D:2      | HP: 3/39 [orc wizard/+0 dagger (4)]
  1287 | D:2      | Slain by an orc wizard

Levels and vault maps discovered:
D:1:      dpeg_arrival_short_road, layout_basic, serial_shops, shop
D:2:      layout_rooms, shapermc_ecumenical_altar_rom_forum
D:3:      layout_basic, uniq_sigmund, uniq_grinder, uniq_terence

Skill      XL: |  1  2  3 |
---------------+----------+-----
Ranged Weapons | 4 5 |  5.0
Fighting       | |  2.1
Dodging        | |  1.5
Stealth        | |  1.5

Action                     |  1- 3 |  4- 6 || total
---------------------------+-------+-------++-------
   Fire: Shortbow          |    68 |    10 ||    78
Ability: Spit Poison       |    26 |     2 ||    28
    Use: Scroll            |     4 |     2 ||     6
         Potion            |       |     2 ||     2
 Armour: Leather armour    |    10 |     4 ||    14
  Dodge: Dodged            |     7 |     7 ||    14

Table legend:
 A = Non-vault XP
 B = Vault XP
 C = Vault XP percentage of total XP
 D = Non-vault monster count
 E = Vault monster count
 F = Vault count percentage of total count
                 A         B        C        D         E       F
            +---------+---------+-------+---------+---------+-------
      Total |      89 |       0 |   0.0 |      45 |       0 |   0.0
            +---------+---------+-------+---------+---------+-------
        D:1 |      36 |       0 |   0.0 |      22 |       0 |   0.0
        D:2 |      53 |       0 |   0.0 |      23 |       0 |   0.0
            +---------+---------+-------+---------+---------+-------
